 Dungeon Crawl Stone Soup version 0.32-a0-798-gfa783ce77f (webtiles) character file.

Game seed: 17174945899533800478

1236 Godo the Destroyer (level 8, -2/41 HPs)
             Began as a Deep Elf Conjurer on Mar 21, 2024.
             Killed from afar by a steam dragon (13 damage)
             ... with a ball of steam
             ... on level 8 of the Dungeon.
             The game lasted 00:09:30 (5374 turns).

Godo the Destroyer (Deep Elf Conjurer)              Turns: 5374, Time: 00:09:31

Health: -2/41      AC:  6    Str:  4    XL:     8   Next: 24%
Magic:  0/19       EV: 11    Int: 29    God:
Gold:   187        SH:  0    Dex: 13    Spells: 8/19 levels left

rFire   . . .        k - +0 short sword of Famine {flame, Will++ Int+3}
rCold   + . .        (no shield)
rNeg    . . .        a - +0 robe
rPois   .            l - +0 helmet
rElec   .            p - +0 cloak
rCorr   .            A - +0 pair of gloves
SInv    .            x - +0 pair of boots {Fly}
Will    ++...        h - amulet of guardian spirit
Stlth   +++          q - ring of protection from cold
HPRegen 0.26/turn    (no ring)
MPRegen 0.16/turn

%: guardian spirit
@: flying
A: no striking features
a: no special abilities


You were on level 8 of the Dungeon.
You visited 1 branch of the dungeon, and saw 6 of its levels.

You collected 187 gold pieces.

Inventory:

Hand Weapons
 d - a +0 dagger
 k - the +0 short sword of Famine (weapon) {flame, Will++ Int+3}
   (You found it on level 2 of the Dungeon)

   Int+3:     It affects your intelligence (+3).
   Will++:    It greatly increases your willpower.
Missiles
 v - 5 atropa-tipped darts
 w - a javelin
Armour
 a - a +0 robe (worn)
 l - a +0 helmet (worn)
 p - a +0 cloak (worn)
 x - a +0 pair of boots of flying (worn)
 A - a +0 pair of gloves (worn)
Jewellery
 h - an amulet of guardian spirit (around neck)
 q - a ring of protection from cold (left hand)
 B - a ring of flight
Scrolls
 c - a scroll of vulnerability {unknown}
 i - 2 scrolls of silence {unknown}
 m - a scroll of enchant weapon {unknown}
 n - 2 scrolls of identify {unknown}
 o - a scroll of blinking {unknown}
 r - 4 scrolls of teleportation
 s - 2 scrolls of noise {unknown}
 t - 3 scrolls of revelation {unknown}
 y - a scroll of immolation {unknown}
 z - a scroll of butterflies {unknown}
 D - a scroll of torment {unknown}
Potions
 b - a potion of magic
 e - a potion of enlightenment {unknown}
 f - a potion of lignification {unknown}
 g - a potion of might {unknown}
 j - a potion of ambrosia {unknown}
 u - 4 potions of curing
 C - a potion of attraction {unknown}


   Skills:
 - Level 2.4 Dodging
 - Level 5.0 Stealth
 + Level 6.1 Spellcasting
 - Level 8.0 Conjurations
 - Level 5.0 Translocations
 * Level 3.4 Alchemy


You had 8 spell levels left.
You knew the following spells:

 Your Spells              Type           Power      Damage    Failure   Level
a - Magic Dart            Conj           100%       1d8       1%          1
b - Searing Ray           Conj           100%       2d8       1%          2
c - Iskenderun's Mystic   Conj/Tloc      46%        2d10      3%          4
d - Fulminant Prism       Conj/Alch      20%        3d12      5%          4

Your spell library contained the following spells:

 Spells                   Type           Power      Damage    Failure   Level
 Cigotuvi's Dreadful Rot  Necr/Alch/Air  30%        N/A       5%          2
 Ignite Poison            Fire/Alch      18%        N/A       28%         4
 Freezing Cloud           Conj/Ice/Air   12%        6-21      45%         5


Dungeon Overview and Level Annotations

Branches:
Dungeon (8/15)
 Temple: D:4-7         Lair: D:8-11

Altars:
Makhleb
Trog
The Shining One

Annotations:
D:3 Grinder
D:4 3 runed translucent doors, RedFox's ghost, amateur MDFi


Message History

You are engulfed in a cloud of scalding steam.
Casting: Iskenderun's Mystic Blast (dangerous; 3% risk of failure)
Confirm with . or Enter, or press ? or * to list all spells.
You erupt in a blast of force!
The mystic blast hits the steam dragon!
The steam dragon is heavily wounded.
The steam dragon is knocked back by the mystic blast.
The steam dragon breathes steam at you. The ball of steam hits you!
* * * LOW HITPOINT WARNING * * *
Casting: Iskenderun's Mystic Blast (dangerous; 3% risk of failure)
Confirm with . or Enter, or press ? or * to list all spells.
You don't have enough magic to cast this spell.
Casting: Iskenderun's Mystic Blast (dangerous; 3% risk of failure)
Confirm with . or Enter, or press ? or * to list all spells.
You don't have enough magic to cast this spell.
Casting: Iskenderun's Mystic Blast (dangerous; 3% risk of failure)
Confirm with . or Enter, or press ? or * to list all spells.
Okay, then.
Casting: Iskenderun's Mystic Blast (dangerous; 3% risk of failure)
Confirm with . or Enter, or press ? or * to list all spells.
Aiming: Searing Ray (safe; 1% risk of failure)
Press: ? - help, Shift-Dir - straight line, f - steam dragon
Aim: a steam dragon (steam, moderately wounded, catching its breath, 83% to hit)
The searing ray hits the steam dragon!
The steam dragon is almost dead. (Press . to maintain the ray.)
You are engulfed in a cloud of scalding steam.
* * * LOW HITPOINT WARNING * * *
The steam dragon bites you.
* * * LOW HITPOINT WARNING * * *
The steam dragon barely misses you.
Without enough magic to sustain it, your searing ray dissipates.
You are engulfed in a cloud of scalding steam.
The steam dragon completely misses you.
The steam dragon claws you but does no damage.
Unknown command.
It was a potion of curing.
You feel better. The steam dragon breathes steam at you.
The ball of steam hits you!
You die...

#.#... #.#....
#.##...... ....##....#
..#.....#.#
.....#...)##
..#.....#))# ####+#####
..§(..§.)).# #....D....
.......§@..# #....(....
....!.§..D.###.........
.#########'#.._........
#....................
#....................
#.._.................
#....................
#.........>.#########
#############


You could see a steam dragon (catching breath).

Vanquished Creatures
  An ogre (D:4)
  Blork the orc (D:5)
  2 scorpions
  4 wights (D:8)
  A jelly (D:4)
  A howler monkey (D:2)
  A bombardier beetle (D:4)
  A hound (D:5)
  A gnoll bouda (D:5)
  5 orc priests
  A sleepcap (D:4)
  Jessica (D:3)
  2 iguanas
  3 orc wizards (D:4)
  5 gnolls (D:5)
  8 adders
  A white imp (D:4)
  2 ufetubi (D:3)
  4 dart slugs
  19 orcs
  8 ball pythons
  6 bats
  8 endoplasms
  A giant cockroach (D:1)
  11 goblins
  8 hobgoblins
  5 quokkas
  7 kobolds
  8 rats
126 creatures vanquished.

Notes
Turn   | Place    | Note
-------+----------+-------------------------------------------
     0 | D:1      | Godo the Deep Elf Conjurer began the quest for the Orb.
     0 | D:1      | Reached XP level 1. HP: 10/10 MP: 6/6
   220 | D:1      | Reached XP level 2. HP: 15/15 MP: 6/8
   223 | D:1      | Learned a level 2 spell: Searing Ray
   615 | D:1      | Reached XP level 3. HP: 19/19 MP: 8/10
  1065 | D:2      | Identified the +0 short sword of Famine {flame, Will++
                  | Int+3}
  1161 | D:2      | Reached XP level 4. HP: 24/24 MP: 4/12
  1166 | D:2      | Learned a level 4 spell: Iskenderun's Mystic Blast
  1312 | D:2      | Reached skill level 5 in Conjurations
  1604 | D:2      | Found a bloodstained altar of Trog.
  1616 | D:2      | Reached skill level 5 in Stealth
  1798 | D:2      | Reached XP level 5. HP: 28/28 MP: 8/14
  2197 | D:3      | Reached skill level 5 in Spellcasting
  2273 | D:3      | Found a faded altar of an unknown god.
  2295 | D:3      | Noticed Grinder
  2349 | D:3      | Reached skill level 1 in Translocations
  2385 | D:3      | Found a glowing golden altar of the Shining One.
  2436 | D:3      | Noticed Jessica
  2441 | D:3      | Killed Jessica
  3245 | D:4      | Reached XP level 6. HP: 20/32 MP: 4/15
  3296 | D:4      | Learned a level 4 spell: Fulminant Prism
  3487 | D:4      | Found a runed translucent gate.
  3544 | D:4      | Found a runed translucent gate.
  3548 | D:4      | Found a runed translucent gate.
  3548 | D:4      | Noticed RedFox's ghost (amateur MDFi)
  4072 | D:4      | Reached skill level 6 in Conjurations
  4103 | D:4      | Reached XP level 7. HP: 36/36 MP: 6/16
  4210 | D:4      | Reached skill level 5 in Translocations
  4413 | D:4      | Reached skill level 7 in Conjurations
  4796 | D:5      | Entered Level 5 of the Dungeon
  4889 | D:5      | Noticed Blork the orc
  4896 | D:5      | Killed Blork the orc
  5128 | D:5      | Reached skill level 8 in Conjurations
  5129 | D:5      | Reached skill level 1 in Alchemy
  5246 | D:5      | Reached XP level 8. HP: 41/41 MP: 13/18
  5337 | D:5      | You are sucked into a shaft and drop 3 floors!
  5337 | D:8      | Found a bloodstained altar of Trog.
  5337 | D:8      | Found a burning altar of Makhleb.
  5374 | D:8      | Killed from afar by a steam dragon

Illustrated notes

Levels and vault maps discovered:
D:1:      sevenhm_arrival_forest_fort_small_4, layout_rooms, st_stairs_4
D:2:      layout_basic, basic_altar, chequers_serial_rivers_micro_a,
          kennysheep_donut, wad_floor_pattern_1, nrook_mini_backslash,
          minmay_quantized
D:3:      layout_loops_ring, mainiacjoe_overflow_paths,
          shapermc_ecumenical_altar_mp_ritualfount, uniq_jessica, uniq_grinder,
          uniq_natasha
D:4:      nicolae_cairo_tiling_very_big, layout_basic, ebering_ghost_rock_garden
D:5:      layout_rooms, chequers_serial_rivers_micro_c,
          chequers_serial_rivers_small_3, uniq_blork_the_orc
D:8:      layout_basic, overflow_temple_1_default, overflow_temple_1_default,
          minmay_misc_feat_five, palyth_stone_intersect

Skill      XL: |  1  2  3  4  5  6  7  8 |
---------------+-------------------------+-----
Stealth        | 3 4 5 |  5.0
Spellcasting   | 4 5 6 |  6.1
Conjurations   | 5 6 8 |  8.0
Translocations | 2 4 5 |  5.0
Alchemy        | 1 3 |  3.4
Dodging        | |  2.4

Action                     |  1- 3 |  4- 6 |  7- 9 || total
---------------------------+-------+-------+-------++-------
  Throw: Javelin           |       |       |     3 ||     3
   Cast: Magic Dart        |    67 |   112 |    42 ||   221
         Searing Ray       |     1 |    13 |    14 ||    28
         Iskenderun's Myst |       |     1 |     7 ||     8
    Use: Scroll            |       |       |     1 ||     1
         Potion            |       |       |     2 ||     2
 Armour: Robe              |     2 |    22 |    24 ||    48
  Dodge: Dodged            |       |    26 |    15 ||    41

Table legend: (Time is in decaauts)
 A = Elapsed time spent in this place.
 B = Non-inter-level travel time spent in this place.
 C = Inter-level travel time spent in this place.
 D = Time resting spent in this place.
 E = Time spent auto-exploring this place.
 F = Levels seen in this place.
 G = Mean time per level.
                   A        B        C        D        E       F      G
               +--------+--------+--------+--------+--------+-----+--------+
         Total |   5376 |   5217 |    159 |    137 |   4419 |   6 |  896.0 |
       Dungeon |   5376 |   5217 |    159 |    137 |   4419 |   6 |  896.0 |
               +--------+--------+--------+--------+--------+-----+--------+

Top non-repeatable levels by time:
     D:4: 1950 daAuts
     D:2: 1270 daAuts
     D:1: 922 daAuts
     D:3: 761 daAuts
     D:5: 434 daAuts
     D:8: 38 daAuts
